 Dungeon Crawl Stone Soup version 0.31-a0-1620-gcbf77bbcfc (webtiles) character file.

Game seed: 12227165473114365653

862 Lobster4 the Trooper (level 8, -1/59 HPs)
             Began as a Djinni Gladiator on Jan 11, 2024.
             Slain by a troll (12 damage)
             ... on level 5 of the Dungeon.
             The game lasted 00:15:01 (5904 turns).

Lobster4 the Trooper (Djinni Gladiator)             Turns: 5904, Time: 00:15:02

Health: -1/59      AC:  5    Str: 13    XL:     8   Next: 22%
Gold:   170        EV: 12    Int: 11    God:
                   SH:  0    Dex: 16

rFire   + + .        s - +2 dagger (protect)
rCold   x . .        (no shield)
rNeg    . . .        k - +0 leather armour
rPois   ∞            c - +0 helmet
rElec   .            (no cloak)
rCorr   .            n - +0 pair of gloves
SInv    .            (boots unavailable)
Will    .....        (no amulet)
Stlth   +            (no ring)
HPRegen 0.29/turn    (no ring)
MPRegen 0.00/turn

%: infuse magic (-2 HP)
@: flying
A: sickness immunity, fire resistance 2, cold vulnerability 1, float, innate
caster, HP casting, extra vitality 1
a: no special abilities


You were on level 5 of the Dungeon.
You visited 1 branch of the dungeon, and saw 6 of its levels.

You collected 230 gold pieces.
You spent 60 gold pieces at shops.

Inventory:

Hand Weapons
 a - a +0 spectral rapier
 b - a +0 sling
 h - a +0 quarterstaff
 j - the +13 scythe of Curses {drain, curses, ^Drain}
   (You took it off an orc on level 4 of the Dungeon)

   ^Drain:    It drains your maximum health when unequipped.
 m - a +4 dagger
 s - a +2 dagger of protection (weapon)
 z - a +0 short sword of venom
Missiles
 d - a curare-tipped dart (quivered)
 e - a javelin
 f - 15 poisoned darts
 g - 7 boomerangs
 D - 3 datura-tipped darts
Armour
 c - a +0 helmet (worn)
 k - a +0 leather armour (worn)
 n - a +0 pair of gloves (worn)
 C - a +0 ring mail
Wands
 y - a wand of digging (5)
Scrolls
 i - 2 scrolls of identify
 o - a scroll of enchant weapon {unknown}
 r - 2 scrolls of amnesia {unknown}
 u - a scroll of vulnerability
 v - a scroll of fog {unknown}
 A - a scroll of acquirement {unknown}
Potions
 l - a potion of mutation {unknown}
 q - a potion of haste {unknown}
 w - 2 potions of attraction {unknown}
 x - a potion of cancellation {unknown}
 B - a potion of brilliance


   Skills:
 - Level 5.0 Fighting
 - Level 3.0 Short Blades
 - Level 2.0 Throwing
 - Level 3.0 Armour
 - Level 3.2 Dodging
 + Level 4.7 Spellcasting
 + Level 4.7 Conjurations
 + Level 4.7 Hexes
 + Level 4.7 Summonings
 + Level 4.7 Necromancy
 + Level 4.7 Translocations
 + Level 4.7 Fire Magic
 + Level 4.7 Ice Magic
 + Level 4.7 Air Magic
 + Level 4.7 Earth Magic
 + Level 4.7 Alchemy


You knew the following spells:

 Your Spells              Type           Power      Damage    Failure   Level
a - Necrotise             Necr           48%        1d6       4%          1
b - Call Imp              Summ           24%        N/A       6%          2
s - Swiftness             Air            12%        N/A       12%         3
Your spell library was empty.

Dungeon Overview and Level Annotations

Branches:
Dungeon (6/15)
 Temple: D:4-7

Altars:
Dithmenos
Ru

Shops:
D:2 !


Innate Abilities, Weirdness & Mutations

You are immune to sickness and miasma.
You are immune to poison.
Your flesh is very heat resistant. (rF++)
You are vulnerable to cold. (rC-)
You float through the air rather than walking.
You learn spells naturally, not from books.
Your magical power is your life essence.
You have superior vitality. (+4 MHP)


Message History

Unknown command.
You hit the kobold but do no damage.
Your weapon exudes an aura of protection.
The kobold barely misses you.
You hit the kobold but do no damage. The kobold barely misses you.
Your cerulean imp misses the kobold.
You hit the kobold.
The kobold is moderately wounded.
The kobold hits you with a +4 dagger.
Your cerulean imp hits the kobold from afar with a -3 spear.
You hit the kobold.
You kill the kobold!
Things that are here:
a +4 dagger; 5 stones
m - a +4 dagger HP restored.
Your cerulean imp disappears in a puff of smoke!
There is a stone staircase leading down here.
You fly downwards.
The troll shouts!
The troll bites you! The troll misses you. The troll claws you.
The troll bites you! The troll claws you but does no damage.
The troll claws you!
There is a stone staircase leading up here.
Okay, then.
Unknown command.
The troll bites you!
* * * LOW HITPOINT WARNING * * *
The troll barely misses you. The troll closely misses you.
You fly upwards.
There is a stone staircase leading down here.
Okay, then.
Okay, then.
Okay, then.
As you read the scroll labelled BIPSYTO CYIG, it crumbles to dust.
It is a scroll of identify.
B - a potion of brilliance;
i - 2 scrolls of identify
n - a +0 pair of gloves (worn)
The troll barely misses you. The troll claws you!
You die...

.# #.....# ## .#
#.....# ##
###########.....#
#...............#
#.######........# #.#
#.....##.#
#.######.....##.######
#.##...#.....##.#.....
#.#.T@..............#.
#.#....#.....###..#.#.
#.#....+.....# #......
#.#..^.#.....# #....#.
#.#.#.#......# #....#.
#.#.#.#......# #....#.
#.#[#.#.....># #....#.
#.#.#.#......###....#.
#.#.#.##..#.........#.


You could see a troll.

Vanquished Creatures
  A black bear (D:4)
  A centaur (D:5)
  A kobold brigand (D:5)
  A scorpion (D:5)
  A howler monkey (D:6)
  2 hounds
  A jelly (D:5)
  An iguana (D:5)
  An orc wizard (D:5)
  Natasha (thrice) (D:1)
  5 adders
  A white imp (D:5)
  A dart slug (D:1)
  5 orcs
  6 ball pythons
  7 bats
  7 endoplasms
  3 giant cockroaches
  11 goblins
  6 hobgoblins
  4 jackals (D:1)
  3 quokkas
  7 frilled lizards
  13 kobolds
  6 rats
98 creatures vanquished.

Vanquished Creatures (collateral kills)
  An ice beast (D:5)
  A hound (D:6)
  A sleepcap (D:6)
  An orc (D:4)
  A hobgoblin (D:4)
  A kobold (D:4)
6 creatures vanquished.

Grand Total: 104 creatures vanquished

Notes
Turn   | Place    | Note
-------+----------+-------------------------------------------
     0 | D:1      | Lobster4 the Djinni Gladiator began the quest for the Orb.
     0 | D:1      | Reached XP level 1. HP: 18/18 MP: 0/0
    77 | D:1      | Reached XP level 2. HP: 23/23 MP: 0/0
   227 | D:1      | Reached XP level 3. HP: 27/28 MP: 0/0
   227 | D:1      | Learned a level 1 spell: Necrotise
   574 | D:1      | Reached skill level 1 in Armour
   906 | D:2      | Reached XP level 4. HP: 27/34 MP: 0/0
  1155 | D:2      | Noticed Natasha
  1483 | D:2      | Reached skill level 1 in Spellcasting
  1483 | D:2      | Reached skill level 1 in Conjurations
  1483 | D:2      | Reached skill level 1 in Hexes
  1483 | D:2      | Reached skill level 1 in Summonings
  1483 | D:2      | Reached skill level 1 in Necromancy
  1483 | D:2      | Reached skill level 1 in Translocations
  1483 | D:2      | Reached skill level 1 in Fire Magic
  1483 | D:2      | Reached skill level 1 in Ice Magic
  1483 | D:2      | Reached skill level 1 in Air Magic
  1483 | D:2      | Reached skill level 1 in Earth Magic
  1483 | D:2      | Reached skill level 1 in Alchemy
  1569 | D:2      | Found Ineow's Distillery.
  1590 | D:2      | Bought a potion of heal wounds for 60 gold pieces
  1629 | D:1      | Killed Natasha
  1630 | D:1      | Reached skill level 3 in Fighting
  1630 | D:1      | Reached XP level 5. HP: 19/40 MP: 0/0
  1630 | D:1      | Learned a level 2 spell: Call Imp
  1705 | D:1      | Noticed Natasha
  1715 | D:1      | Killed Natasha
  1871 | D:1      | Noticed Natasha
  1876 | D:1      | Killed Natasha
  2434 | D:3      | Found a shadowy altar of Dithmenos.
  3017 | D:4      | Reached XP level 6. HP: 46/46 MP: 0/0
  3370 | D:4      | Noticed a black bear
  3620 | D:4      | HP: 1/46 [black bear (4)]
  3637 | D:4      | Killed a black bear
  3638 | D:4      | Reached skill level 4 in Fighting
  4136 | D:5      | Entered Level 5 of the Dungeon
  4354 | D:5      | Reached XP level 7. HP: 16/53 MP: 0/0
  4354 | D:5      | Learned a level 3 spell: Swiftness
  4493 | D:5      | Found a sacrificial altar of Ru.
  4915 | D:5      | Reached skill level 5 in Fighting
  5370 | D:6      | Noticed a troll
  5464 | D:5      | Reached XP level 8. HP: 23/59 MP: 0/0
  5607 | D:6      | Noticed a troll
  5904 | D:5      | Slain by a troll

Illustrated notes

Levels and vault maps discovered:
D:1:      psy_arrival_basics, layout_loops_ring, nicolae_titane
D:2:      layout_rooms, serial_shops, shop, uniq_natasha
D:3:      layout_basic, kiku_gazebo_pond_becter, nicolae_dithmenos_shadow_blocks
D:4:      layout_basic
D:5:      layout_basic, nicolae_ru_great_annihilating_truth
D:6:      layout_rooms, mainiacjoe_overflow_24_doors, kennysheep_boxes

Skill      XL: |  1  2  3  4  5  6  7 |
---------------+----------------------+-----
Short Blades   | 3 |  3.0
Throwing       | 2 |  2.0
Armour         | 1 2 3 |  3.0
Spellcasting   | 1 2 4 |  4.7
Conjurations   | 1 2 4 |  4.7
Hexes          | 1 2 4 |  4.7
Summonings     | 1 2 4 |  4.7
Necromancy     | 1 2 4 |  4.7
Translocations | 1 2 4 |  4.7
Fire Magic     | 1 2 4 |  4.7
Ice Magic      | 1 2 4 |  4.7
Air Magic      | 1 2 4 |  4.7
Earth Magic    | 1 2 4 |  4.7
Alchemy        | 1 2 4 |  4.7
Fighting       | 3 4 5 |  5.0
Dodging        | |  3.2

Action                     |  1- 3 |  4- 6 |  7- 9 || total
---------------------------+-------+-------+-------++-------
  Melee: Rapier            |   102 |    14 |       ||   116
         Dagger            |       |   145 |   133 ||   278
         Punch             |       |     2 |     3 ||     5
   Fire: Sling             |     4 |       |       ||     4
  Throw: Dart              |       |     8 |       ||     8
         Throwing net      |       |     3 |     1 ||     4
   Cast: Necrotise         |       |    55 |    19 ||    74
         Call Imp          |       |     7 |    14 ||    21
    Use: Scroll            |       |     2 |     4 ||     6
         Potion            |       |     2 |       ||     2
   Stab: Sleeping          |     1 |     1 |     1 ||     3
         Distracted        |       |     1 |       ||     1
         Held in net/web   |       |     1 |       ||     1
         Invisible         |       |       |     1 ||     1
         Paralysed         |       |       |     1 ||     1
 Armour: Leather armour    |    58 |   153 |    95 ||   306
  Dodge: Dodged            |    74 |   150 |    75 ||   299

Table legend: (Time is in decaauts)
 A = Elapsed time spent in this place.
 B = Non-inter-level travel time spent in this place.
 C = Inter-level travel time spent in this place.
 D = Time resting spent in this place.
 E = Time spent auto-exploring this place.
 F = Levels seen in this place.
 G = Mean time per level.
                   A        B        C        D        E       F      G
               +--------+--------+--------+--------+--------+-----+--------+
         Total |   5885 |   5524 |    361 |    979 |   3378 |   6 |  980.8 |
       Dungeon |   5885 |   5524 |    361 |    979 |   3378 |   6 |  980.8 |
               +--------+--------+--------+--------+--------+-----+--------+

Top non-repeatable levels by time:
     D:1: 1792 daAuts
     D:5: 1507 daAuts
     D:4: 1286 daAuts
     D:2: 646 daAuts
     D:3: 420 daAuts
     D:6: 232 daAuts
